AoeStats
← Chiripa605

Arena

507095219Analyzed
3v3 RM · 15d ago on Sep 16, 2026· 42m 4s· 6 players
Game mode
Random Map
Map size
Normal (6 player)
Population
200
Speed
Normal
Resources
Standard
Victory
Conquest
Starting age
Dark Age
Ending age
Imperial Age
RankedLock teamsTeams togetherTeam positionsShared explorationLock speedFull tech treeHidden civsTurbo modeCheats
Victory
Defeat
🇪🇸 Chinese · Spain
1254
+15
🇹🇼 Lithuanians · Taiwan
1235
+16
🇹🇼 Hindustanis · Taiwan
1174
+18
🇺🇸 Italians · United States
1261
-18
🇺🇸 Gurjaras · United States
1226
-16
🇺🇸 Celts · United States
1202
-15
Paradise7461
11:34 Feudal Age
12:12 Double-Bit Axe
17:12 Castle Age
15:20 Horse Collar
20:56 Wheelbarrow
20:29 Loom
26:40 Forging
26:30 Scale Mail Armor
30:50 Hand Cart
34:27 Imperial Age
32:06 Gold Mining
36:09 Chain Mail Armor
36:30 Iron Casting
36:22 Conscription
35:47 Pikeman
37:54 Plate Mail Armor
39:33 Blast Furnace
38:58 Bow Saw
38:58 Arson
Chiripa605
10:47 Feudal Age
14:33 Castle Age
12:24 Double-Bit Axe
13:30 Horse Collar
15:28 Fletching
17:21 Loom
20:17 Bow Saw
24:12 Wheelbarrow
28:09 Imperial Age
26:11 Heavy Plow
28:47 Hand Cart
29:50 Chemistry
30:25 Two-Man Saw
30:05 Padded Archer Armor
31:17 Bodkin Arrow
31:00 Crossbowman
32:18 Conscription
35:10 Ballistics
35:05 Squires
35:19 Bracer
35:20 Scale Mail Armor
37:08 Chain Mail Armor
37:21 Forging
38:21 Plate Mail Armor
39:22 Iron Casting
Coolthulhu36
11:05 Feudal Age
12:13 Double-Bit Axe
12:41 Horse Collar
15:02 Castle Age
16:07 Bow Saw
16:01 Heavy Plow
15:56 Gold Mining
20:37 Wheelbarrow
23:28 Town Watch
23:28 Loom
24:50 Forging
25:59 Bloodlines
25:49 Husbandry
27:12 Hand Cart
32:03 Imperial Age
30:33 Gold Shaft Mining
30:52 Scale Barding Armor
32:14 Iron Casting
32:00 Chain Barding Armor
32:37 Heavy Camel Rider
34:13 Hoardings
37:32 Conscription
37:47 Siege Elephant
39:35 Plate Barding Armor
39:24 Conscription
40:50 Light Cavalry
洗勒烤喔
8:53 Feudal Age
13:48 Castle Age
12:34 Horse Collar
14:28 Loom
14:40 Double-Bit Axe
22:01 Town Watch
25:53 Wheelbarrow
26:18 Gold Mining
27:03 Bow Saw
28:02 Hand Cart
31:51 Imperial Age
29:37 Elite Skirmisher
30:23 Thumb Ring
31:21 Fletching
31:32 Padded Archer Armor
33:07 Conscription
33:17 Tower Shields
36:21 Ballistics
36:29 Bodkin Arrow
36:49 Leather Archer Armor
36:55 Bloodlines
36:46 Husbandry
37:19 Heavy Plow
37:45 Forging
37:41 Scale Barding Armor
40:12 Two-Man Saw
39:59 Bracer
40:30 Ring Archer Armor
41:13 Hoardings
40:28 Treadmill Crane
xu3u6vm0888
11:36 Feudal Age
16:03 Castle Age
16:27 Double-Bit Axe
16:23 Horse Collar
17:10 Heavy Plow
18:45 Bow Saw
21:56 Gold Mining
21:59 Stone Mining
23:50 Gold Shaft Mining
25:32 Stone Shaft Mining
25:10 Scale Barding Armor
25:15 Forging
26:06 Wheelbarrow
25:16 Loom
25:58 Husbandry
26:09 Bloodlines
28:14 Chain Barding Armor
28:30 Iron Casting
32:57 Imperial Age
32:48 Padded Archer Armor
32:39 Fletching
34:33 Plate Barding Armor
34:25 Heavy Camel Rider
37:07 Blast Furnace
36:29 Imperial Camel Rider
37:10 Elite Skirmisher
Romans
0:30 Loom
10:24 Feudal Age
10:29 Feudal Age
11:06 Feudal Age
15:01 Castle Age
13:37 Double-Bit Axe
14:21 Horse Collar
16:28 Bow Saw
16:33 Heavy Plow
22:47 Wheelbarrow
22:30 Town Watch
24:23 Hand Cart
24:47 Gold Mining
24:53 Stone Mining
27:05 Squires
27:09 Scale Mail Armor
27:19 Forging
31:41 Imperial Age
29:45 Ballistics
30:04 Chain Mail Armor
30:24 Iron Casting
30:49 Gold Shaft Mining
30:20 Arson
30:53 Murder Holes
31:10 Thumb Ring
31:44 Fletching
31:54 Padded Archer Armor
33:52 Chemistry
32:55 Bodkin Arrow
33:24 Conscription
32:28 Capped Ram
33:48 Elite Chu Ko Nu
34:58 Bracer
35:13 Leather Archer Armor
36:08 Two-Man Saw
35:48 Elite Fire Lancer
40:10 Masonry
41:03 Blast Furnace
40:34 Plate Mail Armor
40:19 Leather Archer Armor
43:01 Architecture
Connection lost

Rejoining the realm…

Still unreachable

The connection could not be restored.

Session expired

The server has moved on; the page needs a fresh start.